 Dungeon Crawl Stone Soup version 0.32-a0-711-g016ad743e0 (webtiles) character file.

Game seed: 17530725556665486551

77 Revguard the Sneak (level 4, -1/22 HPs)
             Began as a Vine Stalker Enchanter on Mar 15, 2024.
             Slain by a sickly merfolk siren (9 damage)
             ... in a sewer.
             The game lasted 00:04:56 (1534 turns).

Revguard the Sneak (Vine Stalker Enchanter)         Turns: 1534, Time: 00:04:56

Health: -1/22      AC:  5    Str:  8 (11) XL:     4   Next: 33%
Magic:  0/8        EV:  9    Int: 12 (15) God:
Gold:   92         SH:  0    Dex: 15 (16) Spells: 6/8 levels left

rFire   . . .        j - +0 dagger (venom)
rCold   . . .        (no shield)
rNeg    . . .        h - +0 ring mail
rPois   .            (no helmet)
rElec   .            (no cloak)
rCorr   .            (no gloves)
SInv    .            (no boots)
Will    .....        (no amulet)
Stlth   ++           (no ring)
HPRegen 1.03/turn    (no ring)
MPRegen 0.11/turn

%: guardian spirit
@: no status effects
A: fangs 2, regeneration 1, magic shield, antimagic bite, no potion heal 2
a: no special abilities


You were in a sewer.
You visited 1 branch of the dungeon, and saw 3 of its levels.
You also visited: Sewer.

You collected 92 gold pieces.

Inventory:

Hand Weapons
 a - a +1 dagger
 j - a +0 dagger of venom (weapon)
Armour
 b - a +0 robe
 h - a +0 ring mail (worn)
Scrolls
 e - a scroll of noise {unknown}
 i - a scroll of torment
 k - a scroll of identify {unknown}
 l - a scroll of teleportation
 m - a scroll of brand weapon {unknown}
Potions
 c - a potion of invisibility
 d - a potion of degeneration
 f - a potion of enlightenment
 g - a potion of curing


   Skills:
 + Level 1.0 Fighting
 + Level 1.6 Short Blades
 + Level 0.8 Armour
 + Level 2.0 Dodging
 + Level 3.9 Stealth
 + Level 2.6 Spellcasting
 + Level 3.2 Hexes
 + Level 0.8 Evocations


You had 6 spell levels left.
You knew the following spells:

 Your Spells              Type           Power      Damage    Failure   Level
a - Ensorcelled Hibernat  Hex/Ice        10%        N/A       52%         2

Your spell library contained the following spells:

 Spells                   Type           Power      Damage    Failure   Level
 Confusing Touch          Hex            9%         N/A       54%         3
 Tukima's Dance           Hex            9%         N/A       54%         3
 Dazzling Flash           Conj/Hex       10%        N/A       77%         3


Dungeon Overview and Level Annotations

Branches:
Dungeon (3/15)              Sewer (1/1)

Altars:


Innate Abilities, Weirdness & Mutations

You have extremely sharp teeth.
Your natural rate of healing is unusually fast.
When hurt, damage is shared between your health and your magic reserves.
Your bite disrupts and absorbs the magic of your enemies.
Potions cannot restore your health.


Message History

You shout for attention!
You start waiting.
A rat is nearby!
What are your orders? t - Shout!
Orders for allies: a - Attack new target. r - Retreat! s - Stop attacking. g - Guard the area. f - Follow me.
Anything else - Cancel.
You shout for attention!
What are your orders? t - Shout!
Orders for allies: a - Attack new target. r - Retreat! s - Stop attacking. g - Guard the area. f - Follow me.
Anything else - Cancel.
You shout for attention!
A rat is nearby!
The rat bites you but does no damage.
You barely miss the rat. Your bite misses the rat.
The rat bites you but does no damage.
You hit the rat but do no damage. You closely miss the rat.
The rat barely misses you.
You hit the rat.
You kill the rat!
You enter the shallow water.
Moving in this stuff is going to be slow.
You see here 2 scrolls of teleportation.
The sickly merfolk siren shouts!
You see here 3 potions of enlightenment.
The sickly merfolk siren hits you!
You hit the sickly merfolk siren.
The sickly merfolk siren is poisoned.
The sickly merfolk siren is lightly wounded.
The sickly merfolk siren hits you!
You hit the sickly merfolk siren.
The sickly merfolk siren looks as sick as possible!
Your bite misses the sickly merfolk siren.
The sickly merfolk siren is moderately wounded.
The sickly merfolk siren hits you!
You die...

###### ##~...###
#~~~~...##
#~~~...#######
#~≈~~~.......#
#≈≈≈~~~~~~##.#
####m###≈≈≈#.#
#...~@?###≈~~#########
#.....!# #≈≈~~††~~~~~~
######## ##########≈~≈
###### #∩∩~~~ ###~~~
##~. ###


You could see a sickly merfolk siren (extremely poisoned).

Vanquished Creatures
  A river rat (Sewer)
  An adder (Sewer)
  2 dart slugs
  A ribbon worm (D:2)
  2 bats (D:1)
  4 endoplasms
  5 giant cockroaches
  4 goblins
  5 hobgoblins
  3 quokkas
  3 ball pythons
  3 frilled lizards
  3 kobolds
  17 rats
54 creatures vanquished.

Notes
Turn   | Place    | Note
-------+----------+-------------------------------------------
     0 | D:1      | Revguard the Vine Stalker Enchanter began the quest for the
                  | Orb.
     0 | D:1      | Reached XP level 1. HP: 9/9 MP: 4/4
   113 | D:1      | Reached skill level 1 in Short Blades
   223 | D:1      | Reached XP level 2. HP: 13/13 MP: 6/6
   446 | D:1      | Learned a level 2 spell: Ensorcelled Hibernation
   485 | D:1      | Found a faded altar of an unknown god.
   649 | D:2      | Reached XP level 3. HP: 15/17 MP: 5/7
  1238 | D:3      | Found a glowing drain.
  1267 | Sewer    | Entered a sewer
  1354 | Sewer    | Reached skill level 1 in Fighting
  1354 | Sewer    | Reached XP level 4. HP: 13/22 MP: 6/8
  1534 | Sewer    | Slain by a sickly merfolk siren

Illustrated notes

Levels and vault maps discovered:
D:1:      minmay_arrival_jagged, layout_basic,
          chequers_ecumenical_altar_simple_redux
D:2:      layout_loops_ring, minmay_pentomino_v2
D:3:      layout_basic, portal_sewer_entry_f, uniq_natasha
Sewer:    sewer_sea

Skill      XL: |  1  2  3  4 |
---------------+-------------+-----
Short Blades   | 1 |  1.6
Fighting       | 1 |  1.0
Dodging        | 2 |  2.0
Armour         | |  0.8
Stealth        | |  3.9
Spellcasting   | |  2.6
Hexes          | |  3.2
Evocations     | |  0.8

Action                     |  1- 3 |  4- 6 || total
---------------------------+-------+-------++-------
  Melee: Dagger            |   130 |    38 ||   168
         Bite              |    34 |     2 ||    36
    Use: Scroll            |     2 |       ||     2
         Potion            |       |     3 ||     3
   Stab: Sleeping          |     3 |       ||     3
         Distracted        |     1 |       ||     1
 Armour: Robe              |    14 |       ||    14
         Ring mail         |    66 |    18 ||    84
  Dodge: Dodged            |    81 |    10 ||    91

Table legend: (Time is in decaauts)
 A = Elapsed time spent in this place.
 B = Non-inter-level travel time spent in this place.
 C = Inter-level travel time spent in this place.
 D = Time resting spent in this place.
 E = Time spent auto-exploring this place.
 F = Levels seen in this place.
 G = Mean time per level.
                   A        B        C        D        E       F      G
               +--------+--------+--------+--------+--------+-----+--------+
         Total |   1561 |   1547 |     14 |     71 |    917 |   4 |  390.2 |
       Dungeon |   1264 |   1250 |     14 |      2 |    889 |   3 |  421.3 |
         Sewer |    296 |    296 |      0 |     69 |     28 |   1 |  296.0 |
               +--------+--------+--------+--------+--------+-----+--------+

Top non-repeatable levels by time:
     D:2: 662 daAuts
     D:1: 558 daAuts
   Sewer: 296 daAuts
     D:3: 44 daAuts
